3L
GREENVILLE 84S @ FT. WORTH CATTLEMEN
04/25/2034
 
TOP OF THE 1ST
Greenville 84s batting - Pitching for Ft. Worth Cattlemen : RHP Armando Romano
Pitching: RHP Armando Romano
Batting: RHB Scott Dourque 0-0: Foul Ball, location: 2F
0-1: Swinging Strike
0-2: SINGLE (Groundball, 34D)
Batting: LHB Danny Trautmann 0-0: Called Strike
0-1: Ball
1-1: Ball
2-1: Swinging Strike
2-2: DOUBLE (Line Drive, 7LM)
Scott Dourque to third
Scott Dourque scores
Batting: RHB Edgar Baeza 0-0: Ball
1-0: Called Strike
1-1: Called Strike
1-2: Ball
2-2: SINGLE (Groundball, 6MD)
Danny Trautmann to third
Batting: RHB Erik Sterk 0-0: Ball
1-0: Foul Ball, location: 2F
1-1: Grounds into double play, 5-4-3 (Groundball, 56)
Danny Trautmann scores
Batting: LHB Ron Stewart 0-0: Fly out, F8 (Line Drive, 8RXD)
Top of the 1st over - 2 runs, 3 hits, 0 errors, 0 left on base; Greenville 2 - Ft. Worth 0
BOTTOM OF THE 1ST
Ft. Worth Cattlemen batting - Pitching for Greenville 84s : LHP Finn Wuilink
Pitching: LHP Finn Wuilink
Batting: SHB Javier Vázquez 0-0: Ball
1-0: Foul Ball, location: 2F
1-1: SINGLE (Groundball, 56D)
Batting: RHB Juan Cabrera 0-0: Ball
1-0: Swinging Strike
1-1: Fly out, F5 (Line Drive, 5)
Batting: LHB Jesús Morales 0-0: Ball
Javier Vázquez steals 2nd base
1-0: Foul Ball, location: 2F
1-1: Foul Ball, location: 2F
1-2: Foul Ball, location: 2F
1-2: Ground out 4-3 (Groundball, 4)
Javier Vázquez to third
Batting: RHB António Pérez 0-0: Called Strike
0-1: Ball
1-1: Swinging Strike
1-2: Ball
2-2: Fly out, F9 (Flyball, 9LS)
Bottom of the 1st over - 0 runs, 1 hit, 0 errors, 1 left on base; Greenville 2 - Ft. Worth 0
TOP OF THE 2ND
Greenville 84s batting - Pitching for Ft. Worth Cattlemen : RHP Armando Romano
Batting: RHB Wally Briggs 0-0: Called Strike
0-1: Ground out 5-3 (Groundball, 5S)
Batting: RHB Lee Suárez 0-0: Swinging Strike
0-1: Foul Ball, location: 2F
0-2: Foul Ball, location: 2F
0-2: Strikes out swinging
Batting: RHB Thomas Feliciano 0-0: Called Strike
0-1: Ball
1-1: Swinging Strike
1-2: Strikes out swinging
Top of the 2nd over - 0 runs, 0 hits, 0 errors, 0 left on base; Greenville 2 - Ft. Worth 0
BOTTOM OF THE 2ND
Ft. Worth Cattlemen batting - Pitching for Greenville 84s : LHP Finn Wuilink
Batting: RHB Julián Salcido 0-0: SINGLE (Groundball, 25) (infield hit)
Batting: RHB Armando Chamú 0-0: Called Strike
0-1: Ball
1-1: Ball
2-1: Fly out, F9 (Flyball, 9D)
Batting: LHB Nobuo Yamashita 0-0: Called Strike
0-1: Ball
1-1: Foul Ball, location: 2F
1-2: Fly out, F8 (Flyball, 8RM)
Batting: SHB Mitch Qualtrough 0-0: Foul Ball, location: 2F
0-1: Foul Ball, location: 2F
0-2: Foul Ball, location: 2F
0-2: Strikes out swinging
Bottom of the 2nd over - 0 runs, 1 hit, 0 errors, 1 left on base; Greenville 2 - Ft. Worth 0
TOP OF THE 3RD
Greenville 84s batting - Pitching for Ft. Worth Cattlemen : RHP Armando Romano
Batting: SHB Kai-xi Choe 0-0: Ball
1-0: Foul Ball, location: 2F
1-1: Ground out 4-3 (Groundball, 4)
Batting: RHB Scott Dourque 0-0: Ball
1-0: Foul Ball, location: 2F
1-1: Swinging Strike
1-2: Ball
2-2: Ground out 1-3 (Groundball, 13)
Batting: LHB Danny Trautmann 0-0: Fly out, F3 (Popup, 34)
Top of the 3rd over - 0 runs, 0 hits, 0 errors, 0 left on base; Greenville 2 - Ft. Worth 0
BOTTOM OF THE 3RD
Ft. Worth Cattlemen batting - Pitching for Greenville 84s : LHP Finn Wuilink
Batting: RHB Juan Aguirre 0-0: SINGLE (Flyball, 7S)
Batting: SHB Javier Vázquez 0-0: Ball
1-0: Ball
2-0: Ball
3-0: Base on Balls
Juan Aguirre to second
Batting: RHB Juan Cabrera 0-0: Ball
1-0: Swinging Strike
1-1: Foul Ball, location: 2F
1-2: Ball
2-2: Ball
3-2: Base on Balls
Juan Aguirre to third
Javier Vázquez to second
Batting: LHB Jesús Morales 0-0: Foul Ball, location: 2F
0-1: Fly out, F4 (Popup, 34S)
Batting: RHB António Pérez 0-0: Ball
1-0: SINGLE (Line Drive, 8RS)
Juan Aguirre scores
Javier Vázquez to third
Juan Cabrera to second
Batting: RHB Julián Salcido 0-0: Ball
1-0: Ball
2-0: Foul Ball, location: 2F
2-1: Ball
3-1: Swinging Strike
3-2: Base on Balls
Javier Vázquez scores
Juan Cabrera to third
António Pérez to second
Batting: RHB Armando Chamú 0-0: Called Strike
0-1: Ball
1-1: Grounds into double play, 6-4-3 (Groundball, 6)
Bottom of the 3rd over - 2 runs, 2 hits, 0 errors, 2 left on base; Greenville 2 - Ft. Worth 2
TOP OF THE 4TH
Greenville 84s batting - Pitching for Ft. Worth Cattlemen : RHP Armando Romano
Batting: RHB Edgar Baeza 0-0: Called Strike
0-1: Ball
1-1: Foul Ball, location: 2F
1-2: Ball
2-2: Ground out U3 (Groundball, 3)
Batting: RHB Erik Sterk 0-0: Ball
1-0: Ball
2-0: Called Strike
2-1: DOUBLE (Line Drive, 7LM)
Batting: LHB Ron Stewart 0-0: Called Strike
0-1: Ball
1-1: Ground out 3-1 (Groundball, 23)
Erik Sterk to third
Batting: RHB Wally Briggs 0-0: Fly out, F5 (Line Drive, 56)
Top of the 4th over - 0 runs, 1 hit, 0 errors, 1 left on base; Greenville 2 - Ft. Worth 2
BOTTOM OF THE 4TH
Ft. Worth Cattlemen batting - Pitching for Greenville 84s : LHP Finn Wuilink
Batting: LHB Nobuo Yamashita 0-0: Bunt for hit - play at first, batter OUT! 1-3
Batting: SHB Mitch Qualtrough 0-0: Ball
1-0: Ball
2-0: Called Strike
2-1: Called Strike
2-2: Foul Ball, location: 2F
2-2: Strikes out swinging
Batting: RHB Juan Aguirre 0-0: Ball
1-0: Ball
2-0: Called Strike
2-1: Ground out 6-3 (Groundball, 6MS)
Bottom of the 4th over - 0 runs, 0 hits, 0 errors, 0 left on base; Greenville 2 - Ft. Worth 2
TOP OF THE 5TH
Greenville 84s batting - Pitching for Ft. Worth Cattlemen : RHP Armando Romano
Pitching: RHP Dave Seals
Batting: RHB Lee Suárez 0-0: Ball
1-0: Ball
2-0: Foul Ball, location: 2F
2-1: Bunt missed!
2-2: Fly out, F9 (Line Drive, 89D)
Batting: RHB Thomas Feliciano 0-0: Swinging Strike
0-1: Swinging Strike
0-2: Foul Ball, location: 2F
0-2: Ball
1-2: Strikes out swinging
Batting: SHB Kai-xi Choe 0-0: Swinging Strike
0-1: Ground out 4-3 (Groundball, 4D)
Top of the 5th over - 0 runs, 0 hits, 0 errors, 0 left on base; Greenville 2 - Ft. Worth 2
BOTTOM OF THE 5TH
Ft. Worth Cattlemen batting - Pitching for Greenville 84s : LHP Finn Wuilink
Pitching: RHP Ira Hipps
Batting: SHB Javier Vázquez 0-0: Called Strike
0-1: Ball
1-1: Ball
2-1: Ball
3-1: Foul Ball, location: 2F
3-2: Base on Balls
Batting: RHB Juan Cabrera 0-0: Ball
1-0: Grounds into double play, 6-4-3 (Groundball, 6)
Batting: LHB Jesús Morales 0-0: Ground out 1-3 (Groundball, 13)
Bottom of the 5th over - 0 runs, 0 hits, 0 errors, 0 left on base; Greenville 2 - Ft. Worth 2
TOP OF THE 6TH
Greenville 84s batting - Pitching for Ft. Worth Cattlemen : RHP Dave Seals
Batting: RHB Scott Dourque 0-0: Foul Ball, location: 2F
0-1: Fly out, F8 (Flyball, 89D)
Batting: LHB Danny Trautmann 0-0: Ball
1-0: SINGLE (Line Drive, 9S)
Batting: RHB Edgar Baeza 0-0: Called Strike
0-1: Foul Ball, location: 2F
0-2: Foul Ball, location: 2F
0-2: Ball
1-2: Ball
2-2: Ball
3-2: Grounds into double play, 6-4-3 (Groundball, 6)
Top of the 6th over - 0 runs, 1 hit, 0 errors, 0 left on base; Greenville 2 - Ft. Worth 2
BOTTOM OF THE 6TH
Ft. Worth Cattlemen batting - Pitching for Greenville 84s : RHP Ira Hipps
Batting: RHB António Pérez 0-0: Ball
1-0: Called Strike
1-1: Swinging Strike
1-2: Ball
2-2: Strikes out swinging
Batting: RHB Julián Salcido 0-0: Called Strike
0-1: Ground out 5-3 (Groundball, 5)
Batting: RHB Armando Chamú 0-0: Foul Ball, location: 2F
0-1: Ball
1-1: Swinging Strike
1-2: Fly out, F7 (Flyball, 7LS)
Bottom of the 6th over - 0 runs, 0 hits, 0 errors, 0 left on base; Greenville 2 - Ft. Worth 2
TOP OF THE 7TH
Greenville 84s batting - Pitching for Ft. Worth Cattlemen : RHP Dave Seals
Pinch Hitting: RHB Jimbob Ghostkeeper 0-0: Foul Ball, location: 2F
0-1: Ball
1-1: Ball
2-1: Fly out, F7 (Flyball, 7D)
Batting: LHB Ron Stewart 0-0: Called Strike
0-1: Fly out, F8 (Line Drive, 8RM)
Batting: RHB Wally Briggs 0-0: Called Strike
0-1: Foul Ball, location: 2F
0-2: Ball
1-2: Fly out, F9 (Flyball, 9LDF)
Top of the 7th over - 0 runs, 0 hits, 0 errors, 0 left on base; Greenville 2 - Ft. Worth 2
BOTTOM OF THE 7TH
Ft. Worth Cattlemen batting - Pitching for Greenville 84s : RHP Ira Hipps
Now at 2B: Rob Morse
Batting: LHB Nobuo Yamashita 0-0: Foul Ball, location: 2F
0-1: Ball
1-1: Ball
2-1: Ball
3-1: Called Strike
3-2: Base on Balls
Batting: SHB Mitch Qualtrough 0-0: Bunted foul
0-1: Ball
1-1: Bunted foul
1-2: Ball
2-2: Ball
3-2: Base on Balls
Nobuo Yamashita to second
Pinch Hitting: LHB Yannick Hendriksen 0-0: Called Strike
0-1: Fly out, F8 (Flyball, 8RM)
Pinch Hitting: LHB Rick Mayfield 0-0: Ball
1-0: Ball
2-0: Ball
3-0: Base on Balls
Nobuo Yamashita to third
Mitch Qualtrough to second
Pinch Hitting: LHB Glen Allen Mixon 0-0: Fly out, F8 (Flyball, 8RM)
Runner from 3rd tags up, SCORES, throw made
Pinch Hitting: SHB Roberto Mosca 0-0: Called Strike
0-1: Swinging Strike
0-2: Fly out, F9 (Flyball, 9LS)
Bottom of the 7th over - 1 run, 0 hits, 0 errors, 2 left on base; Greenville 2 - Ft. Worth 3
TOP OF THE 8TH
Greenville 84s batting - Pitching for Ft. Worth Cattlemen : RHP Dave Seals
Now at 1B: Glen Allen Mixon
Now at 3B: Robby Day
Now in LF: Roberto Mosca
Now in RF: Rick Mayfield
Batting: RHB Lee Suárez 0-0: Foul Ball, location: 2F
0-1: Ball
1-1: Fly out, F9 (Flyball, 89S)
Batting: RHB Thomas Feliciano 0-0: Ground out 5-3 (Groundball, 5)
Batting: SHB Kai-xi Choe 0-0: Called Strike
0-1: Ball
1-1: Fly out, F3 (Popup, 3)
Top of the 8th over - 0 runs, 0 hits, 0 errors, 0 left on base; Greenville 2 - Ft. Worth 3
BOTTOM OF THE 8TH
Ft. Worth Cattlemen batting - Pitching for Greenville 84s : RHP Ira Hipps
Batting: RHB António Pérez 0-0: Fly out, F8 (Flyball, 8RM)
Batting: RHB John Downing 0-0: Ball
1-0: Ball
2-0: Ball
3-0: Foul Ball, location: 2F
3-1: Base on Balls
Batting: RHB Armando Chamú 0-0: Ball
1-0: Grounds into double play, 6-4-3 (Groundball, 6)
Bottom of the 8th over - 0 runs, 0 hits, 0 errors, 0 left on base; Greenville 2 - Ft. Worth 3
TOP OF THE 9TH
Greenville 84s batting - Pitching for Ft. Worth Cattlemen : RHP Dave Seals
Pitching: RHP Gojong Joseon
Pinch Hitting: RHB Doug Allerdale 0-0: Ball
1-0: Called Strike
1-1: Ball
2-1: Called Strike
2-2: Ball
3-2: Ground out 6-3 (Groundball, 6)
Batting: LHB Craig Morgan 0-0: Swinging Strike
0-1: Foul Ball, location: 2F
0-2: Ball
1-2: Foul Ball, location: 2F
1-2: Strikes out looking
Pinch Hitting: LHB Tim Stinson 0-0: Ball
1-0: Ball
2-0: Foul Ball, location: 2F
2-1: Foul Ball, location: 2F
2-2: Ground out 5-3 (Groundball, 56)
Top of the 9th over - 0 runs, 0 hits, 0 errors, 0 left on base; Greenville 2 - Ft. Worth 3
Friday, March 29th, 2019 - OOTP Baseball 18.8 Build 76